Map: Oxide LE

Players

MCanning

  • Race: Protoss Protoss
  • Spawn Location: 1:00

Future - Winner!

  • Race: Terran Terran
  • Spawn Location: 7:00

Event: DreamHack SC2 Masters 2020 Winter

VOD

Have the link to the VOD?

Description

Time

  • Played on: Oct. 29, 2020, 6:35 p.m.
  • Length: 17:47

All games in this series

Show
View Real Time Build Order
Export as new Build Order

MCanning Protoss 

Build Orders: 1 Gate Expand, Blink Stalkers 

Get SALT Encoding   

  12  0:00  Probe  
  13  0:12  Probe  
  14  0:17  Pylon  
  14  0:24  Probe  
  15  0:36  Probe (Chrono Boost), Gateway  
  16  0:46  Assimilator  
  16  0:47  Probe (Chrono Boost)  
  17  0:51  Probe (Chrono Boost)  
  18  1:03  Probe  
  19  1:15  Probe  
  20  1:21  Nexus  
  20  1:25  Unknown x3  
  20  1:33  Cybernetics Core  
  20  1:35  Probe  
  21  1:45  Pylon  
  21  1:46  Assimilator  
  21  1:49  Probe  
  22  2:01  Probe  
  22  2:07  Adept (Chrono Boost)  
  23  2:11  Warp Gate  
  23  2:14  Probe  
  26  2:24  Twilight Council  
  26  2:26  Probe (Chrono Boost)  
  27  2:30  Stalker (Chrono Boost)  
  27  2:35  Probe (Chrono Boost)  
  30  2:44  Probe (Chrono Boost)  
  32  2:45  Probe (Chrono Boost)  
  32  2:50  Probe (Chrono Boost)  
  32  2:51  Probe (Chrono Boost)  
  33  2:55  Blink (Chrono Boost)  
  34  3:01  Probe  
  34  3:02  Probe  
  36  3:09  Pylon  
  36  3:13  Probe  
  36  3:14  Probe  
  36  3:17  Gateway  
  38  3:20  Gateway  
  38  3:25  Probe  
  38  3:26  Probe  
  40  3:32  Robotics Facility  
  40  3:37  Probe  
  40  3:38  Probe  
  42  3:44  Pylon  
  42  3:49  Probe  
  42  3:50  Probe  
  44  4:01  Probe  
  44  4:02  Probe, Nexus  
  46  4:03  Sentry  
  48  4:14  Probe  
  48  4:15  Probe  
  50  4:18  Pylon  
  50  4:20  Pylon, Observer (Chrono Boost)  
  50  4:21  Stalker x2  
  55  4:26  Probe  
  56  4:33  Gateway  
  56  4:34  Gateway  
  56  4:37  Probe  
  57  4:39  Charge (Chrono Boost)  
  57  4:49  Shield Battery  
  56  4:52  Immortal (Chrono Boost)  
  56  4:53  Gateway  
  56  4:56  Gateway  
  56  4:57  Probe  
  59  5:01  Probe  
  59  5:06  Pylon  
  60  5:09  Probe  
  60  5:12  Stalker x2  
  65  5:19  Probe  
  65  5:20  Probe, Assimilator  
  66  5:24  Probe, Pylon  
  67  5:31  Probe  
  67  5:32  Zealot x2  
  67  5:33  Robotics Bay  
  72  5:36  Probe  
  72  5:39  Probe  
  74  5:46  Zealot x3  
  74  5:47  Probe  
  74  5:49  Probe  
  82  5:51  Probe  
  83  5:57  Pylon  
  83  6:04  Zealot x4  
  83  6:09  Pylon  
  91  6:13  Shield Battery, Zealot x2  
  95  6:27  Zealot x2, Disruptor (Chrono Boost)  
  95  6:28  Zealot x2  
  92  6:39  Probe  
  93  6:40  Zealot x3  
  93  6:43  Shield Battery  
  99  6:48  Stalker x3  
  99  6:50  Zealot  
  107  6:54  Disruptor (Chrono Boost)  
  107  6:55  Pylon  
  107  6:59  Shield Battery  
  107  7:00  Probe  
  111  7:07  Zealot x3  
  105  7:12  Zealot x3  
  111  7:19  Zealot, Disruptor (Chrono Boost)  
  103  7:35  Zealot x4  
  111  7:46  Probe  
  111  7:48  Assimilator, Forge  
  111  7:49  Forge  
  111  7:50  Extended Thermal Lance (Chrono Boost)  
  115  7:52  Assimilator, Colossus (Chrono Boost)  
  115  7:53  Assimilator  
  118  7:59  Pylon  
  118  8:00  Stalker x3  
  118  8:01  Zealot x2  
  118  8:02  Zealot  
  128  8:12  Probe  
  129  8:17  Protoss Ground Armor Level 1 (Chrono Boost)  
  129  8:20  Probe  
  130  8:27  Protoss Ground Weapons Level 1 (Chrono Boost)  
  130  8:33  Nexus  
  130  8:34  Probe, Pylon, Photon Cannon  
  130  8:35  Colossus (Chrono Boost)  
  130  8:37  Photon Cannon  
  133  8:41  Sentry  
  131  8:48  Probe  
  131  8:52  Probe, Stalker x2  
  137  8:59  Robotics Facility  
  135  9:06  Zealot x3  
  135  9:12  Pylon  
  135  9:14  Colossus (Chrono Boost)  
  135  9:15  Stalker  
  141  9:20  Pylon  
  141  9:26  Stalker  
  141  9:27  Stalker x2  
  141  9:28  Zealot  
  149  9:34  Dark Shrine  
  145  9:45  Stalker x3  
  136  9:50  Zealot x4  
  144  9:59  Probe  
  143  10:00  Probe  
  143  10:04  Probe  
  145  10:09  Disruptor (Chrono Boost)  
  145  10:11  Protoss Ground Armor Level 2 (Chrono Boost)  
  154  10:15  Probe  
  154  10:16  Probe, Protoss Ground Weapons Level 2 (Chrono Boost)  
  154  10:17  Pylon  
  154  10:18  Colossus (Chrono Boost)  
  154  10:19  Zealot x3  
  162  10:32  Stalker  
  162  10:33  Stalker  
  160  10:48  Zealot x4  
  168  10:50  Disruptor (Chrono Boost)  
  168  10:51  Pylon x2, Dark Templar  
  173  11:03  Dark Templar  
  173  11:07  Stalker  
  173  11:08  Stalker x2  
  173  11:10  Probe  
  180  11:12  Pylon  
  164  11:32  Disruptor (Chrono Boost)  
  161  11:37  Disruptor (Chrono Boost)  
  160  11:40  Stalker x3  
  160  11:41  Stalker x3  
  172  11:47  Photon Cannon  
  172  11:48  Photon Cannon  
  172  11:50  Photon Cannon  
  172  11:51  Shield Battery, Dark Templar  
  174  11:54  Pylon  
  174  11:58  Assimilator  
  174  12:00  Assimilator  
  168  12:04  Zealot x5  
  179  12:11  Observer (Chrono Boost)  
  179  12:17  Stalker  
  179  12:22  Disruptor  
  170  12:43  Stalker x2  
  173  12:50  Nexus  
  173  12:51  Pylon x2  
  173  12:58  Zealot  
  169  13:12  Zealot x2  
  169  13:13  Zealot x2  
  141  13:33  Zealot x6  
  141  13:34  Zealot  
  128  13:48  Probe, Forge  
  119  13:49  Forge  
  119  13:50  Pylon  
  115  13:55  Zealot  
  115  13:56  Zealot x6  
  115  14:12  Probe  
  115  14:16  Probe, Robotics Facility x2  
  117  14:21  Sentry, Dark Templar  
  117  14:22  Dark Templar x3  
  117  14:23  Dark Templar  
  129  14:27  Archon x2  
  129  14:31  Probe, Protoss Ground Armor Level 3, Protoss Ground Weapons Level 3  
  130  14:39  Cybernetics Core  
  130  14:50  Pylon  
  130  14:52  Dark Templar  
  121  14:53  Dark Templar  
  121  14:56  Archon  
  123  15:02  Disruptor (Chrono Boost)  
  129  15:09  Zealot x2  
  132  15:26  Dark Templar x2  
  131  15:46  Zealot x2  
Show
View Real Time Build Order
Export as new Build Order

Future Terran - Winner!

Build Orders:  

Get SALT Encoding   

  12  0:00  SCV  
  13  0:12  SCV  
  14  0:16  Supply Depot  
  14  0:24  SCV  
  15  0:38  SCV, Barracks  
  16  0:43  Refinery  
  16  0:50  SCV  
  17  1:02  SCV  
  18  1:14  SCV  
  19  1:25  Marine  
  20  1:26  Orbital Command  
  20  1:31  Unknown  
  20  1:32  Unknown  
  20  1:33  Unknown  
  20  1:39  Command Center  
  20  1:45  Barracks Reactor  
  20  1:50  Supply Depot  
  21  1:54  SCV  
  21  2:06  SCV  
  22  2:08  Factory  
  22  2:17  Refinery  
  22  2:18  SCV  
  22  2:20  Marine  
  22  2:21  Marine  
  25  2:30  SCV  
  26  2:42  SCV  
  29  2:52  Hellion  
  29  2:54  SCV, Orbital Command, Starport  
  29  2:57  Marine x2  
  32  3:06  SCV  
  32  3:11  Barracks  
  33  3:15  Factory Tech Lab  
  33  3:16  Marine  
  33  3:17  Marine  
  33  3:19  SCV x2  
  37  3:31  SCV  
  37  3:32  SCV, Barracks  
  39  3:37  Raven  
  39  3:39  Factory Tech Lab  
  41  3:43  SCV  
  41  3:44  SCV, Supply Depot  
  41  3:47  Marine  
  41  3:48  Marine  
  45  3:55  SCV  
  46  4:05  Supply Depot  
  46  4:06  SCV  
  46  4:08  SCV  
  48  4:12  Stimpack  
  48  4:13  Marine x3  
  48  4:16  Engineering Bay  
  51  4:18  SCV, Refinery  
  51  4:21  SCV  
  53  4:27  Supply Depot  
  53  4:29  Starport Reactor, Factory Reactor, Combat Shield  
  53  4:31  SCV  
  54  4:33  SCV  
  54  4:37  Marine x3  
  54  4:38  Marine  
  59  4:42  Refinery  
  59  4:43  SCV  
  59  4:45  SCV  
  61  4:50  Terran Infantry Weapons Level 1  
  59  4:55  SCV, Marine x3  
  59  4:57  SCV  
  64  5:02  Supply Depot  
  64  5:04  Supply Depot  
  64  5:07  SCV  
  64  5:09  SCV, Medivac x2  
  70  5:23  Marine x2  
  70  5:24  Marauder, Widow Mine x2  
  70  5:26  Supply Depot x2, Marauder  
  70  5:28  SCV  
  81  5:29  SCV  
  82  5:39  Medivac x2  
  86  5:47  Marine x2  
  86  5:48  Marauder x2  
  94  5:50  Widow Mine x2  
  94  5:56  Supply Depot  
  96  5:58  Supply Depot  
  94  6:06  Marine x2  
  94  6:09  Marauder x2  
  100  6:11  Command Center  
  100  6:13  SCV x2  
  101  6:31  Marauder x2, Marine  
  99  6:33  SCV x2  
  99  6:34  Liberator x2  
  105  6:45  SCV x2, Supply Depot, Terran Infantry Armor Level 1  
  109  6:47  Widow Mine  
  109  6:50  Widow Mine  
  109  6:52  Marauder  
  113  6:55  Supply Depot  
  113  6:57  SCV x2  
  113  6:59  Marauder  
  117  7:04  Marine  
  117  7:07  Marine  
  119  7:10  SCV  
  119  7:11  SCV  
  119  7:13  Marauder  
  123  7:20  Marauder  
  123  7:22  Marine  
  123  7:24  Marine  
  123  7:29  SCV x2  
  100  7:35  Marauder  
  100  7:38  Barracks  
  100  7:40  Marine, Barracks  
  100  7:41  Marauder  
  100  7:42  Marine, Liberator x2  
  110  7:44  SCV x2, Orbital Command  
  114  7:51  Widow Mine x2  
  114  7:55  Marine  
  114  7:58  Marine  
  118  7:59  Ghost Academy  
  118  8:00  Supply Depot, Marine  
  118  8:03  Missile Turret x2  
  118  8:05  Marauder  
  121  8:14  Marauder  
  121  8:16  Widow Mine x2  
  127  8:20  Concussive Shells  
  127  8:21  Marine x2  
  127  8:25  Medivac x2  
  127  8:26  Marauder  
  134  8:35  Barracks Tech Lab  
  134  8:36  Marauder, Barracks Tech Lab  
  134  8:40  Widow Mine x2  
  139  8:42  Supply Depot, Marine x2  
  139  8:43  Supply Depot  
  139  8:48  Marauder  
  143  8:51  Enhanced Shockwaves  
  143  8:54  Refinery  
  143  8:55  Refinery  
  143  8:57  Marauder x2  
  143  8:58  Marauder  
  143  9:00  Marine  
  140  9:10  Marauder  
  140  9:15  Marine  
  143  9:18  Armory, Engineering Bay, Marauder x2, Marine  
  143  9:19  Marauder  
  143  9:22  Medivac  
  143  9:23  Medivac  
  143  9:24  Widow Mine x2  
  156  9:31  Marauder  
  155  9:40  Marauder x2  
  155  9:41  Marauder, Marine  
  155  9:42  Marine  
  155  9:45  Widow Mine x2  
  157  9:53  Marauder  
  157  9:54  Medivac x2  
  163  10:01  Marauder x2  
  163  10:02  Marauder  
  163  10:04  Marine x2  
  171  10:09  Supply Depot x2  
  171  10:10  Supply Depot  
  171  10:14  Ghost  
  173  10:21  Marine  
  173  10:22  Ghost x2, Marine  
  173  10:23  Marine  
  178  10:39  Marine x2  
  178  10:41  Marauder  
  181  10:44  Marauder  
  181  10:46  Medivac x2  
  181  10:49  Widow Mine  
  185  10:50  Widow Mine  
  185  10:51  Marauder x2  
  189  10:57  Marine x2  
  189  11:03  Marauder  
  193  11:05  Marauder  
  194  11:12  Marauder, Widow Mine x2  
  199  11:24  Marauder  
  199  11:28  Marauder  
  181  11:40  Marauder x2, Marine x2  
  181  11:41  Medivac x2  
  181  11:42  Widow Mine x2  
  181  11:45  Marauder  
  181  11:46  Barracks  
  193  11:47  Barracks  
  193  11:48  Barracks  
  193  11:49  Marauder  
  195  11:58  Command Center, Marine x2  
  195  11:59  SCV x2  
  195  12:00  SCV  
  200  12:07  Marauder  
  197  12:10  Marauder  
  197  12:13  SCV x2  
  197  12:14  SCV  
  199  12:26  Marauder  
  200  12:31  Marauder  
  196  12:40  Marauder x2, Barracks Tech Lab x3  
  195  12:47  Marauder  
  193  12:54  Marauder  
  193  12:56  Marine x2  
  193  12:58  Medivac  
  194  13:01  Medivac, Marauder x2  
  196  13:08  Marauder  
  196  13:11  Marauder  
  194  13:14  Marauder  
  194  13:15  Marauder  
  191  13:23  Marauder x2  
  191  13:24  Marauder  
  173  13:27  Marine  
  173  13:29  Marine  
  173  13:30  Marauder  
  173  13:32  Marauder  
  173  13:34  Medivac x2  
  173  13:36  Marauder  
  173  13:37  Marauder  
  177  13:44  Marauder x2  
  177  13:45  Marine x2  
  182  13:51  Marauder  
  182  13:53  Marauder  
  186  13:57  Marauder  
  186  13:58  Marauder, Marine  
  187  14:03  Marauder  
  187  14:05  Marauder  
  175  14:16  SCV x2  
  175  14:17  SCV  
  178  14:20  Medivac x2  
  178  14:21  Marauder  
  178  14:23  Marauder  
  186  14:26  Missile Turret  
  186  14:27  Marauder  
  186  14:28  Marine, Sensor Tower  
  188  14:40  Marauder x2  
  188  14:41  Marauder, Marine  
  183  14:47  Planetary Fortress  
  183  14:51  SCV x2  
  183  14:52  SCV  
  184  14:57  Terran Infantry Weapons Level 2  
  184  15:02  Terran Infantry Armor Level 2  
  184  15:09  Marauder x2  
  187  15:26  Marauder x3  
  187  15:28  Marauder x2, Marine  
  190  15:30  Marauder x2, Marine  
  167  15:46  Marine  
  167  15:47  Marine x3  
  167  15:48  Marine  
  167  15:49  Marine x2  
  174  15:51  Marine  
  174  15:52  Marauder  
  148  16:03  Marine  
  131  16:05  Marauder x2  
Tags
 
Add a new tag
Caveats
  • Supply blocks, unpowered buildings, or Contaminate may cause inaccurate times.
  • Supply counts are checked every 10 seconds.